 Dungeon Crawl Stone Soup version 0.26-a0-639-g72c4674329 (webtiles) character file.

Game seed: 10094110906535362220

180422 wtfv the Peltast (level 17, -2/139 HPs)
             Began as a Demonspawn Abyssal Knight on Sept 27, 2020.
             Was the Champion of Lugonu.
             Slain by an entropy weaver (4 damage)
             ... on level 4 of the Spider Nest.
             The game lasted 00:59:40 (48207 turns).

wtfv the Peltast (Demonspawn Abyssal Knight)       Turns: 48207, Time: 00:59:41

Health: -2/139     AC: 25    Str: 20 (23) XL:     17   Next: 31%
Magic:  0/27       EV: 11    Int: 14 (15) God:    Lugonu [******]
Gold:   1395       SH: 19    Dex: 17 (18) Spells: 16/16 levels left

rFire    + + +     SeeInvis .   u - +9 scimitar (flame)
rCold    + + .     Faith    .   v - +4 kite shield {reflect}
rNeg     . . .     Spirit   +   C - +4 chain mail
rPois    +         Reflect  +   g - +2 hat
rElec    +         Harm     .   w - scarf {rC+ rF+}
rCorr    +         Rampage  .   x - +0 pair of gloves
MR       ++...                  i - +2 pair of boots
Stlth    ..........             l - amulet of Satisfaction {Spirit rF+ Str+5 Dex+5}
HPRegen  0.33/turn              H - ring "Sajyh" {*Contam rPois rF+ MR+ Str+2}
MPRegen  0.20/turn              P - ring of resist corrosion

@: lethally poisoned (-2 -> -10), resistant, marked, studying Earth Magic
A: claws 2, rugged brown scales 2, demonic guardian 2, dopey 1, powered by pain
3, augmentation 1
}: 1/15 runes: decaying
a: Depart the Abyss, Bend Space, Banish, Corrupt, Enter the Abyss, Brand Weapon
With Distortion, Renounce Religion


You were on level 4 of the Spider Nest.
You worshipped Lugonu.
Lugonu was exalted by your worship.
You visited 5 branches of the dungeon, and saw 31 of its levels.
You visited the Abyss 1 time.
You also visited: Ice Cave.

You collected 2732 gold pieces.
You spent 1337 gold pieces at shops.

Inventory:

Hand Weapons
 u - a +9 scimitar of flaming (weapon)
 Q - the +10 trident of Becait {antimagic, MR+}
   (You found it on level 6 of the Lair of Beasts)

   It reduces the magical energy of the wielder, and disrupts the spells and
   magical abilities of those hit.
   Natural abilities and divine invocations are not affected.
   It affects your resistance to hostile enchantments.
Armour
 g - a +2 hat (worn)
 i - a +2 pair of boots (worn)
 v - a +4 kite shield of reflection (worn)
 w - a scarf of resistance (worn)
 x - a +0 pair of gloves (worn)
 C - a +4 chain mail (worn)
Jewellery
 l - the amulet of Satisfaction (around neck) {Spirit rF+ Str+5 Dex+5}
   (You bought it in a shop on level 2 of the Orcish Mines)

   [amulet of guardian spirit]

   It causes incoming damage to be split between your health and magic.
   It affects your strength (+5).
   It affects your dexterity (+5).
   It protects you from fire.
 n - an uncursed ring of wizardry
 H - the ring "Sajyh" (left hand) {*Contam rPois rF+ MR+ Str+2}
   (You found it on level 2 of the Lair of Beasts)

   [ring of protection from magic]

   It affects your strength (+2).
   It protects you from fire.
   It protects you from poison.
   It affects your resistance to hostile enchantments.
   It causes magical contamination when unequipped.
 P - a ring of resist corrosion (right hand)
Wands
 a - a wand of digging (6)
 b - a wand of paralysis (32)
 f - a wand of flame (53)
 j - a wand of random effects (62)
 t - a wand of disintegration (8)
 B - a wand of enslavement (6)
 F - a wand of iceblast (5)
 J - a wand of polymorph (22)
Scrolls
 c - 17 scrolls of remove curse
 d - 5 scrolls of amnesia
 m - 6 scrolls of identify
 r - 5 scrolls of magic mapping
 E - a scroll of silence
 I - 2 scrolls of fog
 K - 4 scrolls of blinking
 S - a scroll of immolation
Potions
 e - 5 potions of mutation
 h - 2 potions of curing
 o - 3 potions of magic
 p - 2 potions of heal wounds
 s - 9 potions of flight
 z - 2 potions of brilliance
 D - a potion of resistance
 M - a potion of cancellation
 N - 4 potions of stabbing
Books
 A - a manual of Earth Magic
Miscellaneous
 y - a phantom mirror


   Skills:
 - Level 12.2 Fighting
 - Level 10.8 Long Blades
 - Level 12.3 Armour
 - Level 6.0 Dodging
 + Level 16.3 Shields
 - Level 8.5 Unarmed Combat
 - Level 14.1 Invocations
 - Level 0.1 Evocations


You had 16 spell levels left.
You didn't know any spells.
Your spell library contained the following spells:

 Spells                   Type           Power        Failure   Level
 Apportation              Tloc           #.....       87%         1
 Foxfire                  Conj/Fire      #...         87%         1
 Freeze                   Ice            #...         87%         1
 Magic Dart               Conj           #...         87%         1
 Shock                    Conj/Air       #...         87%         1
 Sting                    Tmut/Pois      #...         87%         1
 Blink                    Tloc           N/A          95%         2
 Call Imp                 Summ           #.......     95%         2
 Ensorcelled Hibernation  Hex/Ice        #.....       95%         2
 Poisonous Vapours        Pois/Air       #.....       95%         2
 Slow                     Hex            #.......     95%         2
 Swiftness                Air            #.......     95%         2
 Conjure Flame            Conj/Fire      #.......     99%         3
 Dazzling Flash           Conj/Hex       #.....       99%         3
 Frozen Ramparts          Ice            #.....       99%         3
 Ignite Poison            Fire/Tmut/Pois #.......     99%         3
 Inner Flame              Hex/Fire       #.......     99%         3
 Lesser Beckoning         Tloc           #.........   99%         3
 Mephitic Cloud           Conj/Pois/Air  #.......     99%         3
 Ozocubu's Armour         Ice            #.......     99%         3
 Static Discharge         Conj/Air       #.......     99%         3
 Tukima's Dance           Hex            #.......     99%         3
 Airstrike                Air            #.........   100%        4
 Hailstorm                Conj/Ice       #.......     100%        4
 Olgreb's Toxic Radiance  Pois           #.......     100%        4
 Sticky Flame             Conj/Fire      #.......     100%        4
 Summon Ice Beast         Ice/Summ       #.......     100%        4
 Alistair's Intoxication  Tmut/Pois      #........    100%        5
 Bolt of Magma            Conj/Fire/Erth #.........   100%        5
 Fireball                 Conj/Fire      #.........   100%        5
 Irradiate                Conj/Tmut      #.........   100%        5
 Lightning Bolt           Conj/Air       #.........   100%        5
 Freezing Cloud           Conj/Ice/Air   #.........   100%        6
 Hydra Form               Tmut           #.........   100%        6
 Invisibility             Hex            #.......     100%        6
 Starburst                Conj/Fire      #.........   100%        6
 Statue Form              Tmut/Erth      #........    100%        6
 Dragon Form              Tmut           #.........   100%        7


Dungeon Overview and Level Annotations

Branches:
Dungeon (15/15)            Temple (0/1) D:6            Lair (6/6) D:11
  Swamp (4/4) Lair:4       Spider (4/4) Lair:3        Slime (0/5) Lair:5
    Orc (2/2) D:12            Elf (0/3) Orc:2        Vaults (0/5) D:14
 Depths (0/5) D:15          IceCv (visited)

Altars:
Ashenzari
Dithmenos
Elyvilon
Gozag
Hepliaklqana
Kikubaaqudgha
Nemelex Xobeh
Qazlal
Ru
Sif Muna
Uskayaw
Vehumet
Wu Jian
Xom
Yredelemnul
Zin
The Shining One
Beogh
Jiyva

Shops:
D:4 !   D:14 ?   Orc:2 =([*=

Annotations:
Swamp:1 corrupted
Spider:1 corrupted
Spider:3 Jorgrun
Spider:4 corrupted
Orc:2 corrupted
Abyss:1 Urug


Innate Abilities, Weirdness & Mutations

You have very sharp fingernails.
You are mostly covered in rugged brown scales. (AC +2, +5% HP)
A demonic guardian rushes to your aid.
You are powered by pain.
Your magical and physical power is slightly enhanced at high health.
You are dopey. (Int -2)


Message History

The tarantella convulses!
You block the redback's attack.
The small abomination barely misses the jumping spider.
The small abomination hits the entropy weaver but does no damage.
A wolf spider comes into view.
The large abomination misses the entropy weaver.
The large abomination completely misses the redback.
The raiju bites the jumping spider.
The raiju shocks the jumping spider!
The wolf spider closely misses you.
You riposte.
You slice the wolf spider!! You burn the wolf spider!
You kill the wolf spider!
Lugonu accepts your kill.
The neqoxec gestures.
The purple very ugly thing punches your tarantella!!
Your tarantella dies!
Your tarantella's corpse dissolves into shadows!
The ice devil hits something but does no damage.
You block the entropy weaver's attack. The entropy weaver hits you.
* * * LOW HITPOINT WARNING * * *
The entropy weaver hits you.
You die...

#≈..†^..≈...≈≈##.## ##...)#
###..≈^##..≈###...###s##.##
########### #..≈#≈(s.###
####5.XXh# ##.#2..##
#..#xX## ###5.s.## #
###Xs4s## ##.#
#3..{@..#≈...#
###.5...axu.x...#
#35#.Xss#Xb3#...#
#.X32h.###### #
.......X+### .....#####
##≈≈ ##


You could see an entropy weaver, a wolf spider, 2 jumping spiders, a tarantella,
2 redbacks, a neutral starcursed mass (summoned), a neutral purple very ugly
thing (summoned), a neutral tentacled starspawn (summoned), a neutral blizzard
demon (summoned), a neutral hell hog (summoned), 3 neutral thrashing horrors, 3
neutral large abominations, a neutral ice devil (summoned), 3 neutral smoke
demons, a neutral tormentor (summoned), a neutral raiju (summoned), a neutral
neqoxec (summoned), 3 neutral small abominations, a neutral fire bat (summoned),
a neutral iron imp (summoned), a neutral shadow imp (summoned), 2 neutral
ufetubi and a friendly wolf spider (summoned).

Vanquished Creatures
  Rupert (D:14)
  2 thorn hunters
  Donald (Swamp:2)
  Agnes (Spider:4)
  Roxanne (Swamp:1)
  An orc warlord (Orc:1)
  Aizul (Spider:2)
  A yaktaur captain (D:15)
  Josephine (Orc:2)
  Harold (D:7)
  21 hydras
  8 vault guards (D:14)
  A ghost crab (Swamp:1)
  The ghost of Libboc the Eclecticist, a journeyman DEFE of Vehumet (Lair:5)
  Erica (D:10)
  4 shambling mangroves
  6 centaur warriors
  5 alligators
  3 death yaks (Lair:4)
  A tengu warrior (D:15)
  2 two-headed ogres
  Nergalle (D:12)
  4 spriggans
  2 spriggan druids
  A wizard (D:15)
  7 swamp dragons
  2 orc knights
  An oklob plant (Lair:2)
  A wolf spider zombie (D:14)
  13 wolf spiders
  A deep elf mage (D:12)
  11 ugly things
  7 orb spiders
  3 orc sorcerers
  2 manticores
  9 slime creatures
  8 elephants (Lair:6)
  A cyclops (D:14)
  A black mamba (Lair:6)
  4 molten gargoyles (D:14)
  Maurice (D:10)
  3 ice statues (IceCv)
  Psyche (D:10)
  A torpor snail (Lair:6)
  A gargoyle (D:13)
  17 cane toads
  14 komodo dragons
  4 centaur skeletons
  A kobold demonologist (D:15)
  2 ice devils (Lair:5)
  A tengu conjurer (D:15)
  A yaktaur (D:15)
  19 jumping spiders
  5 demonic crawlers
  3 meliai (D:15)
  2 wind drakes (Lair:6)
  16 polar bears
  17 hornets
  3 tyrant leeches
  7 trolls
  6 hippogriffs
  6 bog bodies
  2 wraiths (Orc:2)
  33 redbacks
  2 basilisks
  63 yaks
  16 tarantellas
  The ghost of p0werm0de the Skirmisher, an amateur MiFi (D:3)
  6 wyverns
  22 vampire mosquitoes
  12 insubstantial wisps
  3 acid dragons
  3 wargs (Orc:1)
  12 swamp worms
  11 water moccasins
  9 porcupines
  8 swamp drakes
  4 ice beasts
  19 orc warriors
  A sky beast (D:15)
  8 ogres
  5 boggarts (D:15)
  8 wolves
  21 centaurs
  2 phantoms
  11 crocodiles
  2 big kobolds
  22 bullfrogs
  A wyvern zombie (D:14)
  3 scorpions
  2 jellies
  5 killer bees (D:9)
  15 wights
  2 howler monkeys
  4 electric eels
  2 centaur zombies
  6 hounds
  14 orc priests
  20 orc wizards
  4 bullfrog skeletons
  11 worker ants
  Natasha (D:4)
  An iguana (D:11)
  A killer bee zombie (D:9)
  2 hound skeletons (D:10)
  16 adders
  2 gnolls (D:2)
  A white imp (D:9)
  An ufetubus (D:6)
  An ooze (D:3)
  An adder zombie (D:5)
  2 adder skeletons (D:4)
  A dart slug (D:2)
  7 leopard geckos
  57 orcs
  7 giant cockroaches
  5 goblins
  4 hobgoblins (D:3)
  12 jackals
  10 kobolds
  7 quokkas
  6 bats
  A frilled lizard (D:2)
  A jackal zombie (D:6)
  A quokka skeleton (D:4)
  4 rats
  A spectral orc (D:2)
  5 briar patches (Swamp:4)
827 creatures vanquished.

Vanquished Creatures (collateral kills)
  Saint Roka (Orc:2)
  2 thorn hunters (Swamp:4)
  An emperor scorpion (Spider:2)
  Louise (Swamp:1)
  3 hydras
  A ghost crab (Swamp:1)
  A merfolk avatar (Lair:6)
  2 alligators
  A shambling mangrove (Swamp:4)
  A two-headed ogre (D:12)
  An orc high priest (Orc:2)
  3 swamp dragons (Swamp:4)
  An orc knight (Orc:2)
  4 orb spiders
  2 ugly things (D:15)
  3 wolf spiders
  A deep elf mage (D:14)
  An orc sorcerer (Orc:2)
  A cyclops (D:14)
  3 elephants (Lair:6)
  A black mamba (Lair:1)
  A cane toad (Lair:2)
  A centaur zombie (D:12)
  A torpor snail (Spider:2)
  4 komodo dragons (Lair:6)
  2 jumping spiders (Spider:2)
  3 hornets
  6 slime creatures
  3 blink frogs (Lair:6)
  A hippogriff (D:10)
  10 redbacks
  3 spriggans
  A wyvern (Lair:6)
  11 yaks
  4 vampire mosquitoes (Swamp:3)
  A swamp worm (Swamp:3)
  A water moccasin (Lair:6)
  An ice beast (D:10)
  4 orc warriors
  4 swamp drakes
  A sky beast (D:5)
  2 ogres (D:6)
  2 centaurs
  3 wolves
  A bullfrog (Lair:5)
  2 hounds
  An orc wizard (D:10)
  Natasha (twice) (D:4)
  A gnoll (D:2)
  An adder (D:6)
  15 orcs
  A giant cockroach (D:6)
  A ball python (D:4)
  3 briar patches (Swamp:4)
133 creatures vanquished.

Vanquished Creatures (others)
  An orc warlord (Orc:2)
  An entropy weaver (Spider:1)
  5 alligators (Swamp:1)
  2 orc knights (Orc:2)
  4 orb spiders (Spider:1)
  3 wolf spiders (Spider:1)
  2 orc sorcerers (Orc:2)
  A moth of wrath (Spider:1)
  A cane toad (Swamp:1)
  A demonic crawler (Spider:1)
  2 tyrant leeches
  2 jumping spiders (Spider:1)
  A troll (Orc:2)
  A bog body (Swamp:1)
  2 wraiths (Orc:2)
  9 redbacks (Spider:1)
  A tarantella (Spider:1)
  A swamp worm (Swamp:1)
  8 orc warriors (Orc:2)
  An ogre (Orc:2)
  5 orc priests (Orc:2)
  4 orc wizards (Orc:2)
  A worker ant (D:5)
  An adder (D:5)
  An adder zombie (D:5)
  13 orcs (Orc:2)
  18 fungi
  21 plants
  12 starspawn tentacles
125 creatures vanquished.

Grand Total: 1085 creatures vanquished

Notes
Turn   | Place    | Note
-------+----------+-------------------------------------------
     0 | Abyss:1  | wtfv the Demonspawn Abyssal Knight began the quest for the
                  | Orb.
     0 | Abyss:1  | Reached XP level 1. HP: 18/18 MP: 2/2
    41 | D:1      | Escaped the Abyss
    55 | D:1      | You fall into a shaft and drop 1 floor!
    88 | D:2      | Noticed Natasha
   114 | D:2      | Found a basalt altar of Yredelemnul.
   156 | D:2      | Gained mutation: You sometimes gain a little power by
                  | taking damage. [demonic ancestry]
   156 | D:2      | Reached XP level 2. HP: 20/24 MP: 3/3
   164 | D:2      | Reached skill level 1 in Dodging
   658 | D:2      | Reached XP level 3. HP: 23/30 MP: 4/4
  1610 | D:2      | Gained mutation: A weak demonic guardian rushes to your
                  | aid. [demonic ancestry]
  1610 | D:2      | Reached XP level 4. HP: 28/37 MP: 4/6
  1616 | D:2      | Reached ** piety under Lugonu
  2435 | D:3      | Gained mutation: You have sharp fingernails. [demonic
                  | ancestry]
  2435 | D:3      | Reached XP level 5. HP: 18/42 MP: 7/7
  2890 | D:3      | Found a large runed translucent door.
  2890 | D:3      | Found a large runed translucent door.
  2892 | D:3      | Noticed p0werm0de's ghost (amateur MiFi)
  3588 | D:4      | Gained mutation: You are partially covered in rugged brown
                  | scales. (AC +1, +3% HP) [demonic ancestry]
  3588 | D:4      | Reached XP level 6. HP: 37/49 MP: 8/8
  3726 | D:4      | Found Hietico's Distillery.
  3757 | D:4      | Bought a potion of might for 44 gold pieces
  3797 | D:4      | Killed Natasha
  3797 | D:4      | Reached *** piety under Lugonu
  3859 | D:4      | Noticed Natasha
  3871 | D:4      | Killed Natasha
  3950 | D:4      | Noticed Natasha
  3958 | D:4      | Killed Natasha
  4135 | D:4      | Reached skill level 5 in Long Blades
  4201 | D:4      | Found a sparkling altar of Nemelex Xobeh.
  4223 | D:4      | Noticed a +0 dagger
  4233 | D:4      | Found a hide-covered altar of Uskayaw.
  4234 | D:4      | Noticed a +0 dagger
  4300 | D:4      | Found a glowing silver altar of Zin.
  4649 | D:4      | Bought a potion of berserk rage for 55 gold pieces
  4649 | D:4      | Bought a potion of curing for 33 gold pieces
  4694 | D:3      | Killed p0werm0de's ghost
  4694 | D:3      | Reached XP level 7. HP: 56/56 MP: 8/10
  4807 | D:5      | Entered Level 5 of the Dungeon
  4978 | D:5      | Found a sacrificial altar of Ru.
  5953 | D:4      | Bought a potion of berserk rage for 55 gold pieces
  6008 | D:5      | Found a radiant altar of Vehumet.
  6295 | D:6      | Reached XP level 8. HP: 30/62 MP: 11/11
  6613 | D:6      | Reached skill level 5 in Invocations
  7767 | D:6      | Found a staircase to the Ecumenical Temple.
  7845 | D:7      | Found a shattered altar of Ashenzari.
  8015 | D:7      | Noticed Harold
  8031 | D:7      | Killed Harold
  8031 | D:7      | Reached skill level 5 in Fighting
  8374 | D:7      | Found a white marble altar of Elyvilon.
  8378 | D:7      | Found a stormy altar of Qazlal.
  8378 | D:7      | Found a shimmering altar of Xom.
  8379 | D:7      | Found a hazy altar of Hepliaklqana.
  8380 | D:7      | Found a shadowy altar of Dithmenos.
  8445 | D:7      | Found a hide-covered altar of Uskayaw.
  8448 | D:7      | Identified Masicigi's Compendium of the Destructive
                  | Snowflakes
  8670 | D:8      | Found an ornate altar of the Wu Jian Council.
  8690 | D:8      | Found an ancient bone altar of Kikubaaqudgha.
  8726 | D:8      | Noticed a hippogriff
  8737 | D:8      | Killed a hippogriff
  8737 | D:8      | Reached XP level 9. HP: 58/70 MP: 13/13
  9089 | D:8      | Found an opulent altar of Gozag.
  9240 | D:9      | Noticed a two-headed ogre
  9256 | D:9      | Killed a two-headed ogre
  9256 | D:9      | Reached **** piety under Lugonu
  9256 | D:9      | Reached skill level 5 in Armour
  9729 | D:9      | Found a glowing golden altar of the Shining One.
 10492 | D:10     | Entered Level 10 of the Dungeon
 10567 | D:10     | Gained mutation: You have very sharp fingernails. [demonic
                  | ancestry]
 10567 | D:10     | Reached XP level 10. HP: 38/76 MP: 14/16
 10739 | D:10     | Reached skill level 10 in Long Blades
 11137 | D:10     | Noticed Urug
 11138 | D:10     | Banished Urug
 11138 | D:10     | Reached skill level 1 in Unarmed Combat
 11604 | D:10     | Noticed Psyche
 11609 | D:10     | Killed Psyche
 11990 | D:10     | Noticed Maurice
 12020 | D:10     | Killed Maurice
 12025 | D:10     | Noticed Erica
 12975 | D:10     | Killed Erica
 13196 | D:11     | Reached skill level 1 in Shields
 13207 | D:11     | Reached skill level 2 in Shields
 13209 | D:11     | Gained mutation: You sometimes gain power by taking damage.
                  | [demonic ancestry]
 13209 | D:11     | Reached XP level 11. HP: 37/85 MP: 18/18
 13552 | D:11     | Reached skill level 3 in Shields
 13577 | D:11     | Reached skill level 4 in Shields
 14598 | D:11     | Reached skill level 5 in Shields
 14983 | D:11     | Noticed a purple ugly thing
 14997 | D:11     | Killed a purple ugly thing
 15005 | D:11     | Reached skill level 6 in Shields
 15875 | D:11     | Found a staircase to the Lair.
 16065 | Lair:1   | Entered Level 1 of the Lair of Beasts
 16403 | Lair:1   | Noticed an eight-headed hydra
 16409 | Lair:1   | Killed a five-headed hydra
 17420 | Lair:2   | Noticed a four-headed hydra
 17423 | Lair:2   | Reached skill level 10 in Invocations
 17428 | Lair:2   | Killed a one-headed hydra
 17428 | Lair:2   | Reached XP level 12. HP: 92/93 MP: 19/19
 17442 | Lair:2   | Got a slimy turquoise ring
 17443 | Lair:2   | Identified the ring "Sajyh" {*Contam rPois rF+ MR+ Str+2}
                  | (You found it on level 2 of the Lair of Beasts)
 17597 | Lair:2   | Noticed a seven-headed hydra
 17606 | Lair:2   | Killed a two-headed hydra
 18778 | Lair:3   | Found a hole to the Spider Nest.
 19364 | Lair:3   | Found a shimmering altar of Xom.
 20021 | Lair:4   | Noticed a death yak
 20022 | Lair:4   | Noticed a death yak
 20022 | Lair:4   | Noticed a death yak
 20030 | Lair:4   | Killed a death yak
 20039 | Lair:4   | Killed a death yak
 20043 | Lair:4   | Killed a death yak
 20043 | Lair:4   | Reached ***** piety under Lugonu
 20332 | Lair:4   | Found a staircase to the Swamp.
 20728 | Lair:4   | Reached skill level 5 in Unarmed Combat
 21295 | Lair:4   | Noticed a seven-headed hydra
 21307 | Lair:4   | Killed a two-headed hydra
 21751 | Lair:5   | Got a fine dagger
 21752 | Lair:5   | Identified the +7 dagger "Hoghebif" {vorpal, rC+} (You
                  | found it on level 5 of the Lair of Beasts)
 21775 | Lair:5   | Found a frozen archway.
 21792 | IceCv    | Entered an ice cave
 21805 | IceCv    | Gained mutation: A demonic guardian rushes to your aid.
                  | [demonic ancestry]
 21805 | IceCv    | Reached XP level 13. HP: 82/104 MP: 15/21
 22712 | IceCv    | Noticed a frost giant
 22719 | IceCv    | Banished a frost giant
 23619 | Lair:5   | Reached skill level 10 in Armour
 23715 | Lair:5   | Found a viscous altar of Jiyva.
 23715 | Lair:5   | Found a staircase to the Slime Pits.
 23741 | Lair:5   | Noticed Libboc's ghost (journeyman DEFE)
 23742 | Lair:5   | Found a transporter.
 23744 | Lair:5   | Found a transporter.
 24320 | Lair:5   | Killed Libboc's ghost
 24320 | Lair:5   | Reached skill level 10 in Fighting
 24396 | Lair:6   | Entered Level 6 of the Lair of Beasts
 25268 | Lair:6   | Reached ****** piety under Lugonu
 25310 | Lair:6   | Reached skill level 5 in Dodging
 25598 | Lair:6   | Gained mutation: You are mostly covered in rugged brown
                  | scales. (AC +2, +5% HP) [demonic ancestry]
 25598 | Lair:6   | Reached XP level 14. HP: 78/116 MP: 23/23
 25816 | Lair:6   | Got a bloodstained trident
 25817 | Lair:6   | Identified the +10 trident of Becait {antimagic, MR+} (You
                  | found it on level 6 of the Lair of Beasts)
 26712 | D:12     | Noticed Nergalle
 26732 | D:12     | Killed Nergalle
 26791 | D:12     | Found a staircase to the Orcish Mines.
 27249 | Orc:1    | Entered Level 1 of the Orcish Mines
 27265 | Orc:1    | Noticed an orc warlord
 27308 | Orc:1    | Killed an orc warlord
 27742 | Orc:2    | Entered Level 2 of the Orcish Mines
 27742 | Orc:2    | Found Qiokiz's Jewellery Emporium.
 27779 | Orc:2    | Found a roughly hewn altar of Beogh.
 27780 | Orc:2    | Noticed an orc warlord
 27783 | Orc:2    | Corrupted Orc:2
 27783 | Orc:2    | Noticed a tentacled starspawn
 27783 | Orc:2    | Noticed a Hell Sentinel
 27783 | Orc:2    | Found Goemol's Antique Weapon Boutique.
 27787 | Orc:2    | Noticed Josephine
 27791 | Orc:2    | Killed an orc warlord
 27793 | Orc:2    | Killed Josephine
 27814 | Orc:2    | Found a staircase to the Elven Halls.
 27831 | Orc:2    | Noticed a cyan very ugly thing
 28020 | Orc:2    | Noticed Saint Roka
 28039 | Orc:2    | Killed Saint Roka
 28439 | Orc:2    | Found Sal Ykhlo's Jewellery Boutique.
 28450 | Orc:2    | Found Xotti's General Store.
 29076 | Orc:2    | Found Rischul's Antique Armour Boutique.
 29210 | Orc:2    | Bought the amulet of Satisfaction {Spirit rF+ Str+5 Dex+5}
                  | for 780 gold pieces
 29236 | Orc:2    | Bought a scroll of identify for 26 gold pieces
 29274 | Orc:2    | Found a roughly hewn altar of Beogh.
 29710 | Swamp:1  | Entered Level 1 of the Swamp
 29716 | Swamp:1  | Identified Roxanne's Grimoire of Clay
 29716 | Swamp:1  | Noticed Roxanne
 29753 | Swamp:1  | Killed Roxanne
 31693 | Swamp:1  | Noticed Louise
 31700 | Swamp:1  | Corrupted Swamp:1
 31700 | Swamp:1  | Noticed a bone dragon
 31700 | Swamp:1  | Noticed a starcursed mass
 31700 | Swamp:1  | Noticed a brown very ugly thing
 31700 | Swamp:1  | Noticed a balrug
 31702 | Swamp:1  | Killed Louise
 31705 | Swamp:1  | Noticed a tentacled starspawn
 31708 | Swamp:1  | HP: 4/120 [large abomination[Lugonu's corruption] (6)]
 32465 | Swamp:2  | Gained mutation: You are powered by pain. [demonic
                  | ancestry]
 32465 | Swamp:2  | Reached XP level 15. HP: 120/126 MP: 23/25
 33797 | Swamp:2  | Noticed Donald
 33815 | Swamp:2  | Killed Donald
 34258 | Swamp:3  | Reached skill level 7 in Shields
 34918 | Swamp:3  | Reached skill level 8 in Shields
 35645 | Swamp:3  | Noticed a thorn hunter
 35662 | Swamp:3  | Killed a thorn hunter
 35662 | Swamp:3  | Reached skill level 9 in Shields
 36345 | Swamp:4  | Entered Level 4 of the Swamp
 36818 | Swamp:4  | Noticed a thorn hunter
 36831 | Swamp:4  | Killed a thorn hunter
 37077 | Swamp:4  | Noticed a thorn hunter
 37097 | Swamp:4  | Killed a thorn hunter
 37097 | Swamp:4  | Reached skill level 10 in Shields
 37838 | Swamp:4  | Noticed a thorn hunter
 37849 | Swamp:4  | Killed a thorn hunter
 37921 | Swamp:4  | Reached skill level 11 in Shields
 38099 | Swamp:4  | Gained mutation: Your magical and physical power is
                  | slightly enhanced at high health. [demonic ancestry]
 38099 | Swamp:4  | Reached XP level 16. HP: 36/133 MP: 15/26
 38495 | Swamp:4  | Reached skill level 12 in Shields
 38968 | Swamp:4  | Got a decaying rune of Zot
 39210 | Spider:1 | Entered Level 1 of the Spider Nest
 39286 | Spider:1 | Corrupted Spider:1
 39340 | Spider:1 | Gained mutation: You are dopey. (Int -2) [a neqoxec]
 40829 | D:13     | Found a shimmering blue altar of Sif Muna.
 41763 | D:14     | Found Kaacrul's Magic Scroll Boutique.
 41773 | D:14     | Reached skill level 13 in Shields
 41791 | D:14     | Bought a scroll of enchant weapon for 112 gold pieces
 41791 | D:14     | Bought a scroll of identify for 30 gold pieces
 41791 | D:14     | Bought a scroll of identify for 30 gold pieces
 41791 | D:14     | Bought a scroll of identify for 30 gold pieces
 41791 | D:14     | Bought a scroll of identify for 30 gold pieces
 41791 | D:14     | Bought a scroll of enchant armour for 112 gold pieces
 42930 | D:14     | Found a gate to the Vaults.
 42936 | D:14     | Noticed Rupert
 42983 | D:14     | Killed Rupert
 42988 | D:14     | Reached skill level 14 in Shields
 43614 | D:15     | Entered Level 15 of the Dungeon
 44735 | D:15     | Found a staircase to the Depths.
 44792 | D:15     | Reached skill level 15 in Shields
 45250 | Spider:2 | Noticed Aizul
 45263 | Spider:2 | Killed Aizul
 45585 | Spider:2 | Reached XP level 17. HP: 44/139 MP: 21/27
 47101 | Spider:3 | Noticed Agnes
 47104 | Spider:3 | Noticed Jorgrun
 47105 | Spider:4 | Entered Level 4 of the Spider Nest
 47152 | Spider:4 | Killed Agnes
 47864 | Spider:4 | Reached skill level 16 in Shields
 48206 | Spider:4 | Corrupted Spider:4
 48207 | Spider:4 | HP: 5/139 [wolf spider (2)]
 48207 | Spider:4 | HP: 2/139 [entropy weaver (2)]
 48207 | Spider:4 | Slain by an entropy weaver

Illustrated notes

Levels and vault maps discovered:
D:1:      dpeg_arrival_rooms_with_view, layout_loops_ring
D:2:      layout_loops_ring, yredelemnul_forgotten_temple_becter, uniq_natasha
D:3:      layout_basic, ebering_ghost_disaster_area
D:4:      layout_rooms, dancing_weapons_uskayaw, kennysheep_mini,
          lemuel_crystal_altar, serial_shops, shop, dk_vineyard_2,
          minmay_crystal_water, corexii_corridor_pit, wad_floor_pattern_1
D:5:      layout_basic, fiery_altar_vehumet, nicolae_ru_sacrificial_ziggurat
D:6:      layout_loops_cross, minmay_temple_entry_fiery
D:7:      layout_basic, cheibrodos_ashenzari_chains, minitemple, basic_altar,
          uniq_harold
D:8:      layout_rooms, lemuel_round_altar, nicolae_overflow_crystal_walls,
          lemuel_crystal_altar
D:9:      layout_rooms, kennysheep_little_box
D:10:     layout_irregular_city, bh_walls_and_bars, uniq_psyche, uniq_erica,
          uniq_urug, uniq_maurice
D:11:     layout_gridville, grunt_lair_entry_orc_guard_hut, st_stairs_4
D:12:     layout_rooms, orc_0_dummy, kennysheep_nub, uniq_nergalle
D:13:     layout_basic, basic_altar
D:14:     layout_rooms, erik_vaults_2, serial_shops, nicolae_shop_trees,
          minivault_8, uniq_rupert
D:15:     grunt_enter_depths_snipers, layout_rooms,
          minmay_misc_feat_secret_circle
Lair:1:   layout_misc_corridors, grunt_megastairs_4
Lair:2:   layout_loops_ring, serial_bayou_shore_a, minmay_lair_oklob_chamber
Lair:3:   layout_layer_cave, nicolae_spider_entry_orb_guardian, basic_altar,
          infiniplex_staircase_pool_2, lemuel_fruit_tree, lemuel_fruit_fields
Lair:4:   layout_small_grid, skrybe_swamp_entry_bodies, serial_bayou_shore_b,
          serial_bayou_shore_b, grunt_megastairs_5, serial_bayou_shore_b
Lair:5:   layout_long_grid, dpeg_slime_entry_enclosed_altar,
          portal_ice_cave_demonic_guard, gammafunk_ghost_arena
Lair:6:   gammafunk_lair_ancient_temple, layout_regular_city
Swamp:1:  layout_basic_swamp, evilmike_swamp_ruin_rubble_2, uniq_roxanne,
          uniq_louise
Swamp:2:  layout_basic_swamp, evilmike_swamp_ruin_house_5, uniq_donald
Swamp:3:  layout_basic_swamp, evilmike_swamp_ruin_house_6
Swamp:4:  swamp, layout_basic_swamp
Spider:1: layout_spider_delve
Spider:2: layout_chambers, uniq_aizul
Spider:3: layout_spider_delve, uniq_jorgrun, uniq_agnes
Spider:4: spider_rune_water
Orc:1:    layout_caves, uniq_snorg
Orc:2:    grunt_orc_cross, layout_diamond_mine, serial_shops, shop_statue,
          mines2_david, uniq_saint_roka, uniq_josephine

Skill      XL: |  1  2  3  4  5  6  7  8  9 10 11 12 13 14 15 16 17 |
---------------+----------------------------------------------------+-----
Long Blades    | 2 3 4 5 6 8 9 10 | 10.8
Dodging        | 1 2 3 4 5 6 |  6.0
Armour         | 2 3 4 5 6 7 9 10 12 | 12.3
Invocations    | 3 4 6 8 9 10 11 12 13 14 | 14.1
Fighting       | 4 5 6 7 9 10 12 | 12.2
Unarmed Combat | 2 3 5 6 8 |  8.5
Shields        | 2 6 11 15 16 | 16.3
Evocations     | |  0.1

Action                   |  1- 3 |  4- 6 |  7- 9 | 10-12 | 13-15 | 16-18 || total
-------------------------+-------+-------+-------+-------+-------+-------++-------
Melee: Falchion          |    75 |   237 |   371 |   187 |       |       ||   870
       Scimitar          |       |       |       |   504 |  1372 |   796 ||  2672
       Punch             |       |       |       |     3 |       |     1 ||     4
Invok: Banish            |       |       |     2 |     1 |     6 |     4 ||    13
       Corrupt           |       |       |       |       |     2 |     2 ||     4
Evoke: Wand              |       |       |     3 |     3 |    16 |     4 ||    26
       Phantom mirror    |       |       |       |       |       |     1 ||     1
  Use: Potion            |     3 |     2 |     2 |    10 |    12 |     7 ||    36
       Scroll            |       |     4 |    12 |    19 |    14 |    13 ||    62
 Stab: Distracted        |       |       |     9 |     6 |     6 |     1 ||    22
       Invisible         |       |       |       |       |     3 |       ||     3
       Confused          |       |       |       |       |     2 |       ||     2
Armor: Leather armour    |    26 |     4 |       |       |       |       ||    30
       Ring mail         |       |   149 |    34 |       |       |       ||   183
       Chain mail        |       |       |   187 |   339 |   826 |   433 ||  1785
       Skin              |       |       |    54 |     6 |       |       ||    60
Dodge: Dodged            |    54 |   165 |   152 |   237 |   616 |   374 ||  1598
Block: Buckler           |       |       |       |   105 |   832 |   241 ||  1178
       Reflection        |       |       |       |       |     6 |     2 ||     8
       Kite shield       |       |       |       |       |       |   378 ||   378
       Rpst.: Falchion   |    11 |    50 |    35 |    19 |       |       ||   115
       Scimitar          |       |       |       |    56 |   136 |    83 ||   275

Table legend: (Time is in decaauts)
 A = Elapsed time spent in this place.
 B = Non-inter-level travel time spent in this place.
 C = Inter-level travel time spent in this place.
 D = Time resting spent in this place.
 E = Time spent auto-exploring this place.
 F = Levels seen in this place.
 G = Mean time per level.
                   A        B        C        D        E       F      G
               +--------+--------+--------+--------+--------+-----+--------+
         Total |  48154 |  46368 |   1786 |  19015 |  21024 |  34 | 1416.3 |
       Dungeon |  21004 |  20099 |    905 |   8132 |   9257 |  15 | 1400.3 |
          Lair |   9306 |   8737 |    569 |   3003 |   4589 |   6 | 1551.0 |
         Swamp |   9552 |   9393 |    159 |   5361 |   3068 |   4 | 2388.0 |
   Spider Nest |   4433 |   4353 |     80 |   1201 |   2472 |   4 | 1108.2 |
  Orcish Mines |   2274 |   2203 |     71 |    674 |   1084 |   2 | 1137.0 |
         Abyss |     40 |     40 |      0 |      0 |      0 |   2 |   20.0 |
      Ice Cave |   1543 |   1543 |      0 |    642 |    553 |   1 | 1543.0 |
               +--------+--------+--------+--------+--------+-----+--------+

Top non-repeatable levels by time:
    D:11: 2976 daAuts
 Swamp:1: 2782 daAuts
    D:10: 2663 daAuts
 Swamp:3: 2465 daAuts
 Swamp:4: 2450 daAuts
  Lair:6: 2150 daAuts
     D:2: 2028 daAuts
Spider:2: 1981 daAuts
  Lair:4: 1899 daAuts
 Swamp:2: 1853 daAuts
    D:14: 1844 daAuts
   Orc:2: 1780 daAuts
     D:3: 1601 daAuts
     D:6: 1590 daAuts
   IceCv: 1543 daAuts
